 Dungeon Crawl Stone Soup version 0.21.1-1-g345015f (webtiles) character file.

210 tidbits the Fighter (level 5, 28/51 HPs)
             Began as a Gnoll Wanderer on June 8, 2018.
             Quit the game on level 4 of the Dungeon.
             The game lasted 00:07:05 (554 turns).

tidbits the Fighter (Gnoll Wanderer)                 Turns: 554, Time: 00:07:06

Health: 28/51      AC:  6    Str: 16    XL:     5   Next: 88%
Magic:  9/9        EV: 11    Int: 15    God:
Gold:   88         SH:  0    Dex: 13    Spells: 10/10 levels left

rFire    . . .     SeeInvis .   a - +2 shortbow
rCold    . . .     Gourm    .   (shield currently unavailable)
rNeg     . . .     Faith    .   B - +0 ring mail
rPois    .         Spirit   .   (no helmet)
rElec    .         Reflect  .   (no cloak)
rCorr    .         Harm     .   G - +0 pair of gloves
MR       .....                  (no boots)
Stlth    +.........             (no amulet)
HPRegen  0.17/turn              (no ring)
MPRegen  0.11/turn              (no ring)

@: no status effects
A: distributed training, fangs 1, strong nose
a: no special abilities


You were on level 4 of the Dungeon.
You were not hungry.

You visited 1 branch of the dungeon, and saw 4 of its levels.

You collected 88 gold pieces.

Inventory:

Hand Weapons
 a - a +2 shortbow (weapon)
 b - a +0 short sword
 p - a +0 dagger
Missiles
 g - 28 sling bullets
 m - 2 stones
 n - 20 arrows (quivered)
Armour
 e - a +0 robe
 o - a +3 plate armour
 B - a +0 ring mail (worn)
 G - a +0 pair of gloves (worn)
Scrolls
 d - 5 scrolls of teleportation
 j - 3 scrolls of identify {unknown}
 k - a scroll of immolation {unknown}
 l - a scroll of enchant weapon {unknown}
Potions
 c - a potion of curing
 h - a potion of agility {unknown}
 i - a potion of lignification {unknown}
Comestibles
 f - 5 rations


   Skills:
 + Level 8.7 Fighting
 + Level 1.6 Short Blades
 + Level 1.6 Long Blades
 + Level 1.6 Axes
 + Level 1.6 Maces & Flails
 + Level 1.6 Polearms
 + Level 1.6 Staves
 + Level 1.6 Slings
 + Level 3.0 Bows
 + Level 1.6 Crossbows
 + Level 3.0 Throwing
 + Level 1.6 Armour
 + Level 1.6 Dodging
 + Level 1.6 Stealth
 + Level 3.0 Shields
 + Level 1.6 Unarmed Combat
 + Level 3.2 Spellcasting
 + Level 1.3 Conjurations
 + Level 1.3 Hexes
 + Level 1.3 Charms
 + Level 1.3 Summonings
 + Level 1.3 Necromancy
 + Level 1.3 Translocations
 + Level 1.3 Transmutations
 + Level 4.0 Fire Magic
 + Level 1.3 Ice Magic
 + Level 1.3 Air Magic
 + Level 1.3 Earth Magic
 + Level 1.3 Poison Magic
 + Level 1.8 Invocations
 + Level 1.6 Evocations


You had 10 spell levels left.
You didn't know any spells.

Dungeon Overview and Level Annotations

Branches:
Dungeon (4/15)
 Temple: D:4-7

Altars:
Qazlal
Ru


Innate Abilities, Weirdness & Mutations

Your experience applies equally to all skills.
You have very sharp teeth.
Your uncanny sense of smell can sniff out nearby items.


Message History

n - 23 arrows (gained 1)
You see here an arrow.
n - 24 arrows (gained 1)
You see here 16 sling bullets.
g - 28 sling bullets (gained 16)
Found a runed plate armour.
You see here a runed plate armour.
o - a runed plate armour You open the door.
A frilled lizard and a quokka come into view.
Found a sacrificial altar of Ru.
Firing (i - inventory. (,) - cycle):
n - 24 arrows (quivered)
Press: ? - help, Shift-Dir - straight line, f - quokka
Aim: a quokka (paralysed, resting)
You shoot an arrow. The arrow hits the quokka!
You kill the quokka!
The frilled lizard hisses angrily.
There is an open door here.
Firing (i - inventory. (,) - cycle):
n - 23 arrows (quivered)
Press: ? - help, Shift-Dir - straight line, f - frilled lizard
Aim: a frilled lizard (blind, hasn't noticed you)
You shoot an arrow. The arrow misses the frilled lizard.
The frilled lizard hisses angrily.
A hobgoblin and an orc wizard come into view.
You don't know any spells.
You don't know any spells.
Firing (i - inventory. (,) - cycle):
n - 22 arrows (quivered)
Press: ? - help, Shift-Dir - straight line, f - orc wizard, p - frilled lizard
Aim: an orc wizard, wielding a dagger and wearing a robe (mute, hasn't noticed you)
You shoot an arrow. The arrow barely misses the orc wizard.
The hobgoblin shouts!
Firing (i - inventory. (,) - cycle):
n - 21 arrows (quivered)
Press: ? - help, Shift-Dir - straight line, f/p - orc wizard
Aim: an orc wizard, wielding a dagger and wearing a robe (mute)
You shoot an arrow. The arrow barely misses the orc wizard.
Firing (i - inventory. (,) - cycle):
n - 20 arrows (quivered)
Press: ? - help, Shift-Dir - straight line, f/p - orc wizard
Aim: an orc wizard, wielding a dagger and wearing a robe (mute)
You shoot an arrow. The arrow hits the orc wizard.
The orc wizard is moderately wounded.
Firing (i - inventory. (,) - cycle):
n - 19 arrows (quivered)
Press: ? - help, Shift-Dir - straight line, f - hobgoblin, p - orc wizard
Aim: a hobgoblin, wielding a club (softly glowing)
You shoot an arrow.
The arrow closely misses the orc wizard.
The arrow hits the hobgoblin!
You kill the hobgoblin!
The orc wizard hits you but does no damage.
Firing (i - inventory. (,) - cycle):
n - 18 arrows (quivered)
Press: ? - help, Shift-Dir - straight line, f - frilled lizard
Aim: a frilled lizard (blind, hasn't noticed you)
You shoot an arrow.
The arrow hits the orc wizard but does no damage.
The orc wizard is moderately wounded.
The orc wizard hits you with a dagger.
* * * LOW HITPOINT WARNING * * *
Firing (i - inventory. (,) - cycle):
n - 17 arrows (quivered)
Press: ? - help, Shift-Dir - straight line, f/p - frilled lizard
Aim: a frilled lizard (blind, hasn't noticed you)
You shoot an arrow. The arrow hits the orc wizard!
The orc wizard is almost dead.
The frilled lizard hisses angrily.
The orc wizard barely misses you.
Firing (i - inventory. (,) - cycle):
n - 16 arrows (quivered)
Press: ? - help, Shift-Dir - straight line, f/p - frilled lizard
Aim: a frilled lizard (blind, hasn't noticed you)
You shoot an arrow. The arrow hits the orc wizard.
The orc wizard is almost dead.
The orc wizard closely misses you.
Firing (i - inventory. (,) - cycle):
n - 15 arrows (quivered)
Press: ? - help, Shift-Dir - straight line, f/p - frilled lizard
Aim: a frilled lizard (blind, hasn't noticed you)
You shoot an arrow. The arrow hits the orc wizard!
You kill the orc wizard!
The frilled lizard hisses angrily.
Firing (i - inventory. (,) - cycle):
n - 14 arrows (quivered)
Press: ? - help, Shift-Dir - straight line, f/p - frilled lizard
Aim: a frilled lizard (blind, hasn't noticed you)
You shoot an arrow. The arrow hits the frilled lizard!
You kill the frilled lizard!
Things that are here:
a dagger; a robe; 3 arrows
Okay, then.
p - a dagger;
n - 16 arrows (gained 3)
Things that are here:
a club; 2 arrows; a quokka corpse
n - 18 arrows (gained 2)
You see here an arrow.
n - 19 arrows (gained 1)
You see here an arrow.
n - 20 arrows (gained 1)
You open the door.
Found 19 stones.
There is an open door here.
Found 14 gold pieces.
You see here 14 gold pieces.
You now have 88 gold pieces (gained 14).
Found a club.
Okay, then.
Are you sure you want to abandon this character and quit the game? (Confirm with "yes".)

#.......#.......#
#.#.##..#.#...#.#
#.#.............###
#######
#######.##.#.#....#
#.....# ∆
#......#.'#######'..#
#......#.#...#..[#..####
#...#.##.#...#.).#......
###...#..#.......###.###
#####@####._.###..## #
#.##.......##.
#..#...#...#..# #
#..#...#...#.#.###
#..+#######+.##... #...
..........#.# ####.
#.......#.# #.
##....(..#..
#..#........###


There were no monsters in sight!

Vanquished Creatures
  The ghost of FreakyKiz the Insei, an amateur OpTm of Ru (D:3)
  A hound (D:4)
  An orc wizard (D:4)
  Jessica (D:2)
  An iguana (D:4)
  3 leopard geckos
  An orc (D:3)
  2 giant cockroaches
  A goblin (D:2)
  3 hobgoblins
  A quokka (D:4)
  6 bats
  2 frilled lizards
  2 kobolds
  4 rats
30 creatures vanquished.

Notes
Turn   | Place    | Note
-------+----------+-------------------------------------------
     0 | D:1      | tidbits the Gnoll Wanderer began the quest for the Orb.
     0 | D:1      | tidbits set off with: a +2 shortbow, 24 arrows, a potion of curing, a scroll of teleportation, a +0 robe, a ration
     0 | D:1      | Reached XP level 1. HP: 26/26 MP: 4/4
   119 | D:1      | Reached XP level 2. HP: 27/33 MP: 5/5
   193 | D:2      | Found a stormy altar of Qazlal.
   219 | D:2      | Noticed Jessica
   221 | D:2      | Killed Jessica
   221 | D:2      | Reached XP level 3. HP: 38/38 MP: 7/7
   226 | D:2      | Reached skill level 1 in Invocations
   288 | D:3      | Noticed FreakyKiz's ghost (amateur OpTm)
   301 | D:3      | Killed FreakyKiz's ghost
   301 | D:3      | Reached skill level 1 in Short Blades
   301 | D:3      | Reached skill level 1 in Long Blades
   301 | D:3      | Reached skill level 1 in Axes
   301 | D:3      | Reached skill level 1 in Maces & Flails
   301 | D:3      | Reached skill level 1 in Polearms
   301 | D:3      | Reached skill level 1 in Staves
   301 | D:3      | Reached skill level 1 in Slings
   301 | D:3      | Reached skill level 1 in Crossbows
   301 | D:3      | Reached skill level 1 in Armour
   301 | D:3      | Reached skill level 1 in Dodging
   301 | D:3      | Reached skill level 1 in Stealth
   301 | D:3      | Reached skill level 1 in Unarmed Combat
   301 | D:3      | Reached skill level 3 in Spellcasting
   301 | D:3      | Reached skill level 1 in Conjurations
   301 | D:3      | Reached skill level 1 in Hexes
   301 | D:3      | Reached skill level 1 in Charms
   301 | D:3      | Reached skill level 1 in Summonings
   301 | D:3      | Reached skill level 1 in Necromancy
   301 | D:3      | Reached skill level 1 in Translocations
   301 | D:3      | Reached skill level 1 in Transmutations
   301 | D:3      | Reached skill level 1 in Ice Magic
   301 | D:3      | Reached skill level 1 in Air Magic
   301 | D:3      | Reached skill level 1 in Earth Magic
   301 | D:3      | Reached skill level 1 in Poison Magic
   301 | D:3      | Reached skill level 1 in Evocations
   301 | D:3      | Reached XP level 4. HP: 15/45 MP: 8/8
   331 | D:3      | Reached XP level 5. HP: 22/51 MP: 9/9
   458 | D:4      | Reached skill level 3 in Bows
   458 | D:4      | Reached skill level 3 in Throwing
   458 | D:4      | Reached skill level 3 in Shields
   458 | D:4      | Reached skill level 4 in Fire Magic
   493 | D:4      | Found a sacrificial altar of Ru.
   554 | D:4      | Quit the game

Skill      XL: |  1  2  3  4  5 |
---------------+----------------+-----
Invocations    | 1 |  1.8
Short Blades   | 1 |  1.6
Long Blades    | 1 |  1.6
Axes           | 1 |  1.6
Maces & Flails | 1 |  1.6
Polearms       | 1 |  1.6
Staves         | 1 |  1.6
Slings         | 1 |  1.6
Crossbows      | 1 |  1.6
Armour         | 1 |  1.6
Dodging        | 1 |  1.6
Stealth        | 1 |  1.6
Unarmed Combat | 1 |  1.6
Spellcasting   | 3 |  3.2
Conjurations   | 1 |  1.3
Hexes          | 1 |  1.3
Charms         | 1 |  1.3
Summonings     | 1 |  1.3
Necromancy     | 1 |  1.3
Translocations | 1 |  1.3
Transmutations | 1 |  1.3
Ice Magic      | 1 |  1.3
Air Magic      | 1 |  1.3
Earth Magic    | 1 |  1.3
Poison Magic   | 1 |  1.3
Evocations     | 1 |  1.6
Bows           | 3 |  3.0
Throwing       | 3 |  3.0
Shields        | 3 |  3.0
Fire Magic     | 4 |  4.0
Fighting       | |  8.7

Action                   |  1- 3 |  4- 6 || total
-------------------------+-------+-------++-------
 Fire: Shortbow          |    50 |    40 ||    90
Armor: Ring mail         |    11 |     5 ||    16
Dodge: Dodged            |    13 |    14 ||    27

Table legend:
 A = Turns spent in this place as a percentage of turns spent in the entire game.
 B = Non-inter-level travel turns spent in this place as a percentage of non-inter-level travel turns spent in the entire game.
 C = Inter-level travel turns spent in this place as a percentage of turns spent in this place.
 D = Turns resting spent in this place as a percentage of non-inter-level travel turns spent in this place.
 E = Turns spent auto-exploring this place as a percentage of non-inter-level travel turns spent in this place.
 F = Non-inter-level travel turns spent in this place divided by the number of levels of this place that you've seen.
                   A       B       C       D       E      F
               +-------+-------+-------+-------+-------+----------------------
         Total | 100.0 | 100.0 |   0.0 |   0.0 |   0.0 | 138.5
       Dungeon | 100.0 | 100.0 |   0.0 |   0.0 |   0.0 | 138.5
               +-------+-------+-------+-------+-------+----------------------

Table legend:
 A = Kills in this place as a percentage of kills in entire the game.
 B = Kills by you in this place as a percentage of kills by you in the entire game.
 C = Kills by friends in this place as a percentage of kills by friends in the entire game.
 D = Other kills in this place as a percentage of other kills in the entire game.
 E = Experience gained in this place as a percentage of experience gained in the entire game.
 F = Experience gained in this place divided by the number of levels of this place that you have seen.
                   A       B       C       D       E      F
               +-------+-------+-------+-------+-------+----------------------
         Total | 100.0 | 100.0 |   N/A |   N/A | 100.0 |  75.2
       Dungeon | 100.0 | 100.0 |   N/A |   N/A | 100.0 |  75.2
               +-------+-------+-------+-------+-------+----------------------

Vault maps used:
D:1:      co_arrival_square_in_a_square_in_a_square, serial_park_tiny_2
D:2:      lemuel_coloured_pillars_altar, gammafunk_temple_overflow_elements,
          regret_index_temple_of_mockery, serial_glass, glass_columns_b,
          glass_columns_c, glass_columns_c, glass_columns_b, glass_columns_b,
          glass_columns_a, uniq_jessica
D:3:      minmay_misc_feat_x
D:4:      led_sif_book, nicolae_ru_great_annihilating_truth, uniq_sigmund
